 Dungeon Crawl Stone Soup version 0.27.0-1-g7a089689b8 (webtiles) character file.

Game seed: 16042215901419001137

71 PentaManta the Insei (level 4, -10/32 HPs)
             Began as a Merfolk Transmuter on Aug 10, 2021.
             Mangled by a wyvern skeleton (14 damage)
             ... on level 3 of the Dungeon.
             The game lasted 00:04:09 (2574 turns).

PentaManta the Insei (Merfolk Transmuter)           Turns: 2574, Time: 00:04:10

Health: -10/32     AC:  2    Str: 17    XL:     4   Next: 24%
Magic:  16/16      EV: 12    Int: 12    God:
Gold:   70         SH:  0    Dex: 14    Spells: 1/7 levels left

rFire    . . .     SeeInvis .     - Unarmed
rCold    . . .     Faith    .   (no shield)
rNeg     . . .     Spirit   .   a - +0 robe
rPois    .         Reflect  .   (helmet currently unavailable)
rElec    .         Harm     .   (no cloak)
rCorr    .         Rampage  .   (no gloves)
Will     .....                  (boots currently unavailable)
Stlth    +.........             (no amulet)
HPRegen  0.10/turn              d - +6 ring of strength
MPRegen  0.15/turn              l - ring of magical power

@: appendages (expiring)
A: horns 2, (nimble swimmer 2), mertail
a: End Transformation


You were on level 3 of the Dungeon.
You had temporarily grown beastly horns.
You visited 1 branch of the dungeon, and saw 3 of its levels.

You collected 70 gold pieces.

Inventory:

Hand Weapons
 m - a +0 hunting sling
Missiles
 n - 19 poisoned darts
Armour
 a - a +0 robe (worn)
 c - a +0 ring mail
Jewellery
 d - a +6 ring of strength (left hand)
 l - a ring of magical power (right hand)
Scrolls
 h - a scroll of identify {unknown}
 i - 3 scrolls of teleportation {unknown}
Potions
 b - a potion of haste {unknown}
 e - a potion of lignification {unknown}
 f - 2 potions of cancellation {unknown}
 g - 2 potions of attraction {unknown}
 j - a potion of curing {unknown}
 k - 2 potions of might {unknown}
 o - a potion of magic {unknown}


   Skills:
 - Level 1.1 Fighting
 - Level 2.6 Dodging
 + Level 4.9 Unarmed Combat
 + Level 2.2 Spellcasting
 + Level 3.1 Transmutations
 + Level 0.9 Poison Magic


You had one spell level left.
You knew the following spells:

 Your Spells              Type           Power      Damage    Failure   Level
a - Beastly Appendage     Tmut           16%        N/A       8%          1
b - Spider Form           Tmut/Pois      3%         N/A       34%         3
c - Wereblood             Tmut           8%         N/A       11%         2

Your spell library contained the following spells:

 Spells                   Type           Power      Damage    Failure   Level
 Ice Form                 Ice/Tmut       5%         N/A       80%         4


Dungeon Overview and Level Annotations

Branches:
Dungeon (3/15)

Altars:

Annotations:
D:2 1 exclusion
D:3 2 transporters, Leibowitz's ghost, weakling DgGl


Innate Abilities, Weirdness & Mutations

You have temporarily grown beastly horns.
((You are quick and stealthy near water. (Stealth+, EV+, Speed+++)))
Your lower body shifts to a powerful aquatic tail in water.


Message History

The jackal closely misses you.
You closely miss the jackal. Your headbutt misses the jackal.
The jackal completely misses you. The jackal bites you.
A wyvern skeleton comes into view.
You barely miss the jackal. The jackal barely misses you.
You hit the jackal. You headbutt the jackal.
The jackal is severely wounded.
Leibowitz's ghost says, "You sneer at my short blade, I will sneer at your cold corpse."
The jackal barely misses you.
You completely miss the jackal.
The jackal is severely wounded.
The jackal bites you but does no damage.
The jackal closely misses you.
You barely miss the jackal.
The jackal is heavily wounded.
The jackal barely misses you.
You hit the jackal.
You kill the jackal!
You completely miss the wyvern skeleton.
You headbutt the wyvern skeleton.
The wyvern skeleton is lightly damaged.
The wyvern skeleton bites you!
You punch the wyvern skeleton!
The wyvern skeleton is moderately damaged.
The wyvern skeleton misses you.
You hit the wyvern skeleton.
The wyvern skeleton is heavily damaged.
The wyvern skeleton misses you.
You hit the wyvern skeleton.
The wyvern skeleton is heavily damaged.
The wyvern skeleton bites you.
You punch the wyvern skeleton! You headbutt the wyvern skeleton.
The wyvern skeleton is almost destroyed.
Your transformation is almost over.
The wyvern skeleton bites you.
* * * LOW HITPOINT WARNING * * *
You hit the wyvern skeleton but do no damage.
The wyvern skeleton is almost destroyed.
The wyvern skeleton barely misses you. The wyvern skeleton bites you!
You die...

.####.#######..###.....
...................####
.########.####..##.#©..
#.......##.#...
#######.##h#..#
...........#..# .
#######.##.#..##..
#...Z#.#.....
#...@#.#W.# #....†.#Z.#
#......#Z.##.
#....†.#Z.....
#......#......
#####..#######
####........©
#............
#............


You could see a water moccasin zombie, a killer bee zombie, a centaur zombie and
a wyvern skeleton.

Vanquished Creatures
  An adder (D:3)
  2 dart slugs
  5 ball pythons
  4 endoplasms
  A giant cockroach (D:2)
  7 goblins
  5 hobgoblins
  5 jackals
  4 quokkas
  5 bats
  5 frilled lizards
  3 kobolds
  4 rats (D:1)
51 creatures vanquished.

Vanquished Creatures (others)
  4 toadstools (D:1)
4 creatures vanquished.

Grand Total: 55 creatures vanquished

Notes
Turn   | Place    | Note
-------+----------+-------------------------------------------
     0 | D:1      | PentaManta the Merfolk Transmuter began the quest for the
                  | Orb.
     0 | D:1      | Reached XP level 1. HP: 15/15 MP: 3/3
    12 | D:1      | Found a faded altar of an unknown god.
   155 | D:1      | Reached XP level 2. HP: 7/21 MP: 5/5
   367 | D:1      | Reached skill level 4 in Unarmed Combat
   777 | D:1      | Reached XP level 3. HP: 5/26 MP: 6/6
  1732 | D:1      | Learned a level 3 spell: Spider Form
  1735 | D:1      | Learned a level 2 spell: Wereblood
  2444 | D:3      | Found a transporter.
  2458 | D:3      | Found a transporter.
  2458 | D:3      | Noticed Leibowitz's ghost (weakling DgGl)
  2494 | D:3      | Reached XP level 4. HP: 26/32 MP: 7/7
  2574 | D:3      | Mangled by a wyvern skeleton

Illustrated notes

Levels and vault maps discovered:
D:1:      ldierk_water_garden, layout_basic, ebering_ecumenical_altar_rust,
          st_stairs_1, hex_tiny
D:2:      layout_rooms, minmay_goblin_outpost
D:3:      layout_basic, gammafunk_ghost_mausoleum, kennysheep_generic_room_14

Skill      XL: |  1  2  3 |
---------------+----------+-----
Unarmed Combat | 4 |  4.9
Transmutations | 3 |  3.1
Fighting       | |  1.1
Dodging        | |  2.6
Spellcasting   | |  2.2
Poison Magic   | |  0.9

Action                   |  1- 3 |  4- 6 || total
-------------------------+-------+-------++-------
Melee: Unarmed           |   114 |    19 ||   133
       Headbutt          |    14 |     4 ||    18
       Punch             |     2 |       ||     2
 Cast: Beastly Appendage |    20 |     2 ||    22
 Stab: Sleeping          |     1 |       ||     1
Armor: Robe              |    19 |     2 ||    21
Dodge: Dodged            |    72 |    15 ||    87
